2656 views
Uploaded 2020-02-16 17:31:14
Game version 1.32 / 1.32.1
20:43 long 4on4 ladder game on (8)Sanctuary_LV
Saved by BEARAND
2656 views
Uploaded 2020-02-16 17:31:14
Game version 1.32 / 1.32.1
20:43 long 4on4 ladder game on (8)Sanctuary_LV


88 units @ 8.8k
/ 0.8k
201 buildings @ 14.4k
/ 7.3k



| Staff of Sanctuary | 3 | 750 |
| Potion of Healing | 1 | 150 |
| Potion of Mana | 2 | 400 |
| Scroll of Town Portal | 1 | 350 |
| Staff of Teleportation | 3 | 450 |
| Boots of Speed | 3 | 750 |
| Periapt of Vitality | 1 | 325 |
| Healing Salve | 1 | 100 |
| total: | 15 | 3275g |
| Peasant | 16 | 1200 | / | 0 |
| Priest | 1 | 135 | / | 10 |
| Sorceress | 1 | 155 | / | 20 |
| total: | 18 | 1490g | / | 30w |
| Scout Tower | 60 | 1800 | / | 1200 |
| Arcane Tower | 7 | 490 | / | 350 |
| Guard Tower | 33 | 2310 | / | 1650 |
| Altar of Kings | 1 | 180 | / | 50 |
| Farm | 4 | 320 | / | 80 |
| Lumber Mill | 2 | 240 | / | 0 |
| Town Hall | 1 | 385 | / | 205 |
| Arcane Vault | 3 | 390 | / | 90 |
| Arcane Sanctum | 1 | 150 | / | 140 |
| Keep | 1 | 320 | / | 210 |
| Castle | 1 | 360 | / | 210 |
| total: | 72 | 3465g | / | 1765w |
| 0:04 | Peasant |
| 0:09 | Altar of Kings |
| 0:17 | Peasant |
| 0:17 | Peasant |
| 0:21 | Farm |
| 0:24 | Scout Tower |
| 0:27 | Farm |
| 0:29 | Peasant |
| 0:47 | Peasant |
| 0:51 | Peasant |
| 1:08 | Lumber Mill |
| 1:15 | Lumber Mill |
| 1:19 | Peasant |
| 1:28 | Scout Tower |
| 1:32 | Peasant |
| 1:37 | Arcane Tower |
| 1:41 | Peasant |
| 1:49 | Peasant |
| 1:56 | Scout Tower |
| 2:08 | Peasant |
| 2:18 | Blizzard |
| 2:21 | Guard Tower |
| 2:34 | Scout Tower |
| 2:34 | Peasant |
| 2:34 | Peasant |
| 2:35 | Guard Tower |
| 2:50 | Scout Tower |
| 2:50 | Scout Tower |
| 2:53 | Scout Tower |
| 2:53 | Scout Tower |
| 3:13 | Guard Tower |
| 3:14 | Scout Tower |
| 3:14 | Scout Tower |
| 3:15 | Peasant |
| 3:23 | Arcane Tower |
| 3:32 | Brilliance Aura |
| 3:57 | Guard Tower |
| 4:00 | Keep |
| 4:49 | Town Hall |
| 4:58 | Scout Tower |
| 4:59 | Scout Tower |
| 5:00 | Scout Tower |
| 5:00 | Scout Tower |
| 5:26 | Arcane Tower |
| 5:27 | Guard Tower |
| 5:37 | Blizzard |
| 5:42 | Guard Tower |
| 5:43 | Guard Tower |
| 5:45 | Scout Tower |
| 5:45 | Scout Tower |
| 5:47 | Scout Tower |
| 5:47 | Scout Tower |
| 5:52 | Guard Tower |
| 6:00 | Scout Tower |
| 6:22 | Staff of Teleportation |
| 6:23 | Boots of Speed |
| 6:40 | Guard Tower |
| 6:42 | Healing Salve |
| 6:44 | Guard Tower |
| 6:46 | Improved Masonry |
| 6:47 | Improved Lumber Harvesting |
| 6:49 | Peasant |
| 6:49 | Peasant |
| 6:54 | Scout Tower |
| 6:54 | Scout Tower |
| 6:55 | Scout Tower |
| 6:58 | Guard Tower |
| 7:09 | Arcane Sanctum |
| 7:24 | Guard Tower |
| 7:35 | Storm Bolt |
| 8:26 | Castle |
| 8:27 | Magic Sentry |
| 8:28 | Priest |
| 8:30 | Guard Tower |
| 8:32 | Scout Tower |
| 8:33 | Scout Tower |
| 8:33 | Scout Tower |
| 8:49 | Arcane Vault |
| 9:12 | Guard Tower |
| 9:17 | Arcane Vault |
| 9:20 | Scout Tower |
| 9:20 | Scout Tower |
| 9:20 | Scout Tower |
| 9:21 | Scout Tower |
| 9:22 | Scout Tower |
| 9:22 | Scout Tower |
| 9:23 | Scout Tower |
| 9:50 | Priest Adept Training |
| 9:53 | Arcane Tower |
| 9:54 | Guard Tower |
| 10:08 | Boots of Speed |
| 10:15 | Guard Tower |
| 10:17 | Scout Tower |
| 10:17 | Scout Tower |
| 10:18 | Scout Tower |
| 10:19 | Scout Tower |
| 10:19 | Scout Tower |
| 10:20 | Scout Tower |
| 10:21 | Scout Tower |
| 10:21 | Scout Tower |
| 10:50 | Bash |
| 11:06 | Staff of Teleportation |
| 11:21 | Farm |
| 11:28 | Guard Tower |
| 11:29 | Advanced Masonry |
| 11:30 | Advanced Lumber Harvesting |
| 11:32 | Sorceress |
| 11:32 | Sorceress Adept Training |
| 11:38 | Scout Tower |
| 11:39 | Scout Tower |
| 11:41 | Scout Tower |
| 11:41 | Scout Tower |
| 11:54 | Staff of Sanctuary |
| 12:04 | Guard Tower |
| 12:08 | Arcane Vault |
| 12:36 | Arcane Tower |
| 12:37 | Guard Tower |
| 12:59 | Holy Light |
| 13:40 | Guard Tower |
| 13:42 | Boots of Speed |
| 13:42 | Staff of Teleportation |
| 13:43 | Periapt of Vitality |
| 13:51 | Staff of Sanctuary |
| 13:53 | Potion of Healing |
| 13:55 | Potion of Mana |
| 13:58 | Potion of Mana |
| 14:07 | Guard Tower |
| 14:08 | Scout Tower |
| 14:09 | Scout Tower |
| 14:12 | Arcane Tower |
| 14:12 | Guard Tower |
| 14:13 | Guard Tower |
| 14:17 | Scout Tower |
| 14:17 | Scout Tower |
| 14:36 | Staff of Sanctuary |
| 15:35 | Guard Tower |
| 15:36 | Arcane Tower |
| 15:37 | Scout Tower |
| 15:37 | Scout Tower |
| 15:38 | Scout Tower |
| 15:38 | Scout Tower |
| 15:39 | Guard Tower |
| 15:42 | Scout Tower |
| 15:42 | Scout Tower |
| 15:43 | Scout Tower |
| 15:43 | Scout Tower |
| 15:46 | Scout Tower |
| 15:46 | Scout Tower |
| 15:47 | Scout Tower |
| 15:47 | Scout Tower |
| 15:51 | Scroll of Town Portal |
| 16:35 | Farm |
| 17:42 | Brilliance Aura |
| 18:14 | Storm Bolt |
| 18:15 | Divine Shield |
| 20:10 | Holy Light |
| Right click | 1839 |
| Select | 627 |
| Select group | 198 |
| Build/train/purchase | 172 |
| Use ability | 84 |
| Chat | 81 |
| Misc. action | 27 |
| Assign group | 13 |
| Item give/drop | 9 |
| Resource trade | 8 |
| Minimap ping | 6 |


| Lesser Clarity Potion | 7 | 490 |
| Healing Salve | 5 | 500 |
| Orb of Lightning | 1 | 375 |
| Staff of Teleportation | 2 | 300 |
| Boots of Speed | 2 | 500 |
| Orb of Corruption | 1 | 375 |
| total: | 18 | 2540g |
| Peon | 13 | 975 | / | 0 |
| Troll Batrider | 13 | 2080 | / | 520 |
| Goblin Shredder | 1 | 375 | / | 100 |
| total: | 27 | 3430g | / | 620w |
| Watch Tower | 25 | 2750 | / | 2000 |
| Altar of Storms | 1 | 180 | / | 50 |
| Orc Burrow | 4 | 640 | / | 160 |
| War Mill | 1 | 205 | / | 0 |
| Voodoo Lounge | 6 | 780 | / | 180 |
| Great Hall | 3 | 1155 | / | 555 |
| Beastiary | 2 | 290 | / | 280 |
| Stronghold | 1 | 315 | / | 190 |
| Fortress | 1 | 325 | / | 190 |
| total: | 42 | 6000g | / | 3225w |
| 0:02 | Peon |
| 0:02 | Peon |
| 0:06 | Altar of Storms |
| 0:10 | Orc Burrow |
| 0:12 | Peon |
| 0:29 | Peon |
| 0:50 | War Mill |
| 0:57 | Peon |
| 1:04 | Voodoo Lounge |
| 1:07 | Peon |
| 1:14 | Peon |
| 1:27 | Peon |
| 1:44 | Peon |
| 2:02 | Watch Tower |
| 2:04 | Watch Tower |
| 2:07 | Wind Walk |
| 2:09 | Lesser Clarity Potion |
| 2:09 | Lesser Clarity Potion |
| 2:09 | Healing Salve |
| 2:09 | Healing Salve |
| 2:16 | Peon |
| 2:16 | Peon |
| 2:26 | Voodoo Lounge |
| 3:03 | Stronghold |
| 3:17 | Watch Tower |
| 3:34 | Watch Tower |
| 3:39 | Orc Burrow |
| 4:09 | Watch Tower |
| 4:12 | Watch Tower |
| 4:28 | Voodoo Lounge |
| 4:52 | Watch Tower |
| 5:10 | Critical Strike |
| 5:46 | Voodoo Lounge |
| 6:06 | Fortress |
| 6:40 | Staff of Teleportation |
| 6:40 | Boots of Speed |
| 6:43 | Boots of Speed |
| 7:03 | Beastiary |
| 7:07 | Beastiary |
| 7:13 | Hex |
| 7:16 | Goblin Shredder |
| 7:53 | Healing Salve |
| 7:56 | Lesser Clarity Potion |
| 7:56 | Lesser Clarity Potion |
| 8:11 | Voodoo Lounge |
| 8:19 | Orc Burrow |
| 8:23 | Orc Burrow |
| 8:34 | Liquid Fire |
| 8:38 | Reinforced Defenses |
| 8:38 | Steel Ranged Weapons |
| 8:42 | Watch Tower |
| 9:16 | Wind Walk |
| 9:31 | Voodoo Lounge |
| 9:33 | Troll Batrider |
| 9:33 | Troll Batrider |
| 9:51 | Orb of Lightning |
| 10:01 | Staff of Teleportation |
| 10:05 | Troll Batrider |
| 10:10 | Healing Wave |
| 10:36 | Troll Batrider |
| 11:19 | Troll Batrider |
| 12:01 | Lesser Clarity Potion |
| 12:02 | Lesser Clarity Potion |
| 12:02 | Healing Salve |
| 12:12 | Watch Tower |
| 14:09 | Watch Tower |
| 14:10 | Watch Tower |
| 14:10 | Watch Tower |
| 14:11 | Watch Tower |
| 14:11 | Watch Tower |
| 14:12 | Watch Tower |
| 14:16 | Watch Tower |
| 14:25 | Orb of Corruption |
| 15:06 | Great Hall |
| 15:14 | Troll Batrider |
| 15:14 | Troll Batrider |
| 15:14 | Troll Batrider |
| 15:19 | Healing Salve |
| 15:23 | Lesser Clarity Potion |
| 15:25 | Watch Tower |
| 15:25 | Watch Tower |
| 15:50 | Watch Tower |
| 16:20 | Watch Tower |
| 16:21 | Watch Tower |
| 16:21 | Watch Tower |
| 16:42 | Watch Tower |
| 16:42 | Watch Tower |
| 17:31 | Hex |
| 18:02 | Troll Batrider |
| 18:02 | Troll Batrider |
| 18:30 | Troll Batrider |
| 18:46 | Great Hall |
| 18:51 | Great Hall |
| 19:36 | Critical Strike |
| 19:41 | Troll Batrider |
| 20:04 | Troll Batrider |
| 20:13 | Peon |
| 20:14 | Peon |
| 20:25 | Healing Wave |
| 20:33 | Watch Tower |
| Right click | 1053 |
| Select group | 309 |
| Select | 213 |
| Build/train/purchase | 100 |
| Misc. action | 73 |
| Use ability | 50 |
| Assign group | 27 |
| Item give/drop | 8 |
| Chat | 4 |
| Esc | 3 |



| Boots of Speed | 3 | 750 |
| Staff of Teleportation | 3 | 450 |
| Healing Salve | 2 | 200 |
| Orb of Lightning | 2 | 750 |
| total: | 10 | 2150g |
| Peasant | 23 | 1725 | / | 0 |
| Goblin Zeppelin | 1 | 240 | / | 60 |
| total: | 24 | 1965g | / | 60w |
| Scout Tower | 67 | 2010 | / | 1340 |
| Guard Tower | 26 | 1820 | / | 1300 |
| Altar of Kings | 1 | 180 | / | 50 |
| Farm | 5 | 400 | / | 100 |
| Lumber Mill | 1 | 120 | / | 0 |
| Town Hall | 1 | 385 | / | 205 |
| Arcane Vault | 1 | 130 | / | 30 |
| Arcane Sanctum | 1 | 150 | / | 140 |
| Keep | 1 | 320 | / | 210 |
| Castle | 1 | 360 | / | 210 |
| total: | 77 | 3375g | / | 1865w |
| 0:01 | Peasant |
| 0:07 | Altar of Kings |
| 0:09 | Peasant |
| 0:15 | Peasant |
| 0:18 | Farm |
| 0:27 | Peasant |
| 0:33 | Lumber Mill |
| 0:40 | Peasant |
| 1:03 | Farm |
| 1:05 | Peasant |
| 1:25 | Peasant |
| 1:35 | Scout Tower |
| 1:38 | Scout Tower |
| 1:42 | Scout Tower |
| 1:44 | Peasant |
| 1:56 | Peasant |
| 2:03 | Guard Tower |
| 2:18 | Scout Tower |
| 2:19 | Scout Tower |
| 2:20 | Scout Tower |
| 2:21 | Scout Tower |
| 2:30 | Peasant |
| 2:31 | Peasant |
| 2:33 | Guard Tower |
| 2:39 | Scout Tower |
| 2:42 | Scout Tower |
| 2:44 | Scout Tower |
| 2:52 | Blizzard |
| 3:04 | Guard Tower |
| 3:05 | Peasant |
| 3:25 | Guard Tower |
| 3:28 | Guard Tower |
| 3:39 | Peasant |
| 3:41 | Peasant |
| 3:49 | Guard Tower |
| 3:52 | Scout Tower |
| 3:53 | Scout Tower |
| 4:13 | Improved Masonry |
| 4:15 | Keep |
| 4:22 | Guard Tower |
| 4:50 | Guard Tower |
| 4:56 | Scout Tower |
| 5:21 | Scout Tower |
| 5:22 | Scout Tower |
| 5:23 | Scout Tower |
| 5:24 | Scout Tower |
| 5:26 | Guard Tower |
| 5:33 | Town Hall |
| 5:38 | Scout Tower |
| 5:39 | Scout Tower |
| 6:00 | Guard Tower |
| 6:02 | Scout Tower |
| 6:11 | Brilliance Aura |
| 6:27 | Guard Tower |
| 6:29 | Guard Tower |
| 6:33 | Scout Tower |
| 6:33 | Scout Tower |
| 6:33 | Guard Tower |
| 6:39 | Advanced Masonry |
| 7:03 | Farm |
| 7:07 | Guard Tower |
| 7:09 | Peasant |
| 7:11 | Peasant |
| 7:12 | Peasant |
| 7:27 | Healing Salve |
| 7:36 | Guard Tower |
| 7:40 | Peasant |
| 7:47 | Peasant |
| 8:03 | Peasant |
| 8:06 | Castle |
| 8:25 | Peasant |
| 8:33 | Flame Strike |
| 8:40 | Improved Lumber Harvesting |
| 10:10 | Boots of Speed |
| 10:15 | Peasant |
| 10:16 | Scout Tower |
| 10:17 | Scout Tower |
| 10:20 | Scout Tower |
| 10:21 | Scout Tower |
| 10:21 | Scout Tower |
| 10:21 | Scout Tower |
| 10:24 | Scout Tower |
| 10:25 | Scout Tower |
| 11:02 | Guard Tower |
| 11:22 | Guard Tower |
| 11:25 | Arcane Vault |
| 11:26 | Scout Tower |
| 11:27 | Scout Tower |
| 11:28 | Scout Tower |
| 11:29 | Scout Tower |
| 11:32 | Healing Salve |
| 11:37 | Imbued Masonry |
| 11:38 | Farm |
| 11:42 | Scout Tower |
| 11:42 | Scout Tower |
| 11:45 | Farm |
| 11:53 | Orb of Lightning |
| 12:11 | Guard Tower |
| 12:14 | Scout Tower |
| 12:14 | Scout Tower |
| 12:14 | Scout Tower |
| 12:15 | Guard Tower |
| 12:20 | Arcane Sanctum |
| 12:35 | Holy Light |
| 12:51 | Siphon Mana |
| 12:57 | Goblin Zeppelin |
| 13:10 | Advanced Lumber Harvesting |
| 13:10 | Peasant |
| 13:13 | Guard Tower |
| 14:23 | Guard Tower |
| 15:01 | Magic Sentry |
| 15:02 | Scout Tower |
| 15:03 | Scout Tower |
| 15:04 | Scout Tower |
| 15:04 | Scout Tower |
| 15:04 | Scout Tower |
| 15:05 | Scout Tower |
| 15:07 | Scout Tower |
| 15:08 | Scout Tower |
| 15:08 | Scout Tower |
| 15:09 | Scout Tower |
| 15:10 | Scout Tower |
| 15:11 | Scout Tower |
| 15:11 | Scout Tower |
| 15:11 | Scout Tower |
| 15:12 | Scout Tower |
| 15:12 | Scout Tower |
| 15:13 | Scout Tower |
| 15:14 | Scout Tower |
| 15:14 | Scout Tower |
| 15:15 | Scout Tower |
| 15:33 | Divine Shield |
| 16:06 | Guard Tower |
| 16:09 | Scout Tower |
| 16:09 | Scout Tower |
| 16:10 | Scout Tower |
| 16:10 | Scout Tower |
| 16:20 | Staff of Teleportation |
| 16:25 | Boots of Speed |
| 16:30 | Staff of Teleportation |
| 16:31 | Boots of Speed |
| 17:22 | Blizzard |
| 17:26 | Flame Strike |
| 18:34 | Brilliance Aura |
| 18:52 | Guard Tower |
| 19:00 | Holy Light |
| 19:13 | Orb of Lightning |
| 19:19 | Staff of Teleportation |
| 20:26 | Scout Tower |
| 20:26 | Scout Tower |
| 20:31 | Guard Tower |
| 20:37 | Scout Tower |
| 20:37 | Scout Tower |
| Right click | 1213 |
| Select | 626 |
| Select group | 208 |
| Chat | 117 |
| Build/train/purchase | 91 |
| Use ability | 76 |
| Assign group | 46 |
| Minimap ping | 11 |
| Resource trade | 7 |
| Misc. action | 6 |
| Item give/drop | 2 |



| Rod of Necromancy | 2 | 300 |
| Ritual Dagger | 1 | 125 |
| Orb of Corruption | 3 | 1125 |
| Boots of Speed | 3 | 750 |
| Scroll of Regeneration | 1 | 100 |
| Staff of Sanctuary | 1 | 250 |
| total: | 11 | 2650g |
| Acolyte | 12 | 900 | / | 0 |
| Ghoul | 5 | 600 | / | 0 |
| Obsidian Statue | 1 | 200 | / | 35 |
| Goblin Zeppelin | 1 | 240 | / | 60 |
| total: | 19 | 1940g | / | 95w |
| Nerubian Tower | 1 | 100 | / | 20 |
| Spirit Tower | 2 | 290 | / | 80 |
| Crypt | 1 | 200 | / | 50 |
| Altar of Darkness | 1 | 180 | / | 50 |
| Ziggurat | 4 | 600 | / | 200 |
| Tomb of Relics | 2 | 260 | / | 60 |
| Graveyard | 1 | 215 | / | 0 |
| Slaughterhouse | 1 | 140 | / | 135 |
| Halls of the Dead | 2 | 640 | / | 420 |
| Black Citadel | 2 | 650 | / | 460 |
| total: | 10 | 1595g | / | 495w |
| 0:01 | Acolyte |
| 0:05 | Crypt |
| 0:13 | Acolyte |
| 0:22 | Altar of Darkness |
| 0:33 | Ziggurat |
| 1:10 | Ghoul |
| 1:18 | Ziggurat |
| 1:26 | Ghoul |
| 1:31 | Nerubian Tower |
| 1:38 | Ghoul |
| 2:05 | Tomb of Relics |
| 2:24 | Death Coil |
| 2:51 | Graveyard |
| 2:59 | Ghoul |
| 3:25 | Rod of Necromancy |
| 3:26 | Ritual Dagger |
| 4:13 | Halls of the Dead |
| 4:31 | Unholy Aura |
| 4:39 | Ghoul |
| 4:40 | Ziggurat |
| 6:06 | Spirit Tower |
| 7:25 | Boots of Speed |
| 7:41 | Frost Nova |
| 7:49 | Death Coil |
| 7:54 | Goblin Zeppelin |
| 8:04 | Black Citadel |
| 8:32 | Rod of Necromancy |
| 10:10 | Slaughterhouse |
| 10:31 | Tomb of Relics |
| 10:47 | Frost Armor |
| 11:03 | Acolyte |
| 11:28 | Obsidian Statue |
| 11:55 | Boots of Speed |
| 12:09 | Impale |
| 12:12 | Orb of Corruption |
| 12:21 | Orb of Corruption |
| 12:31 | Acolyte |
| 12:31 | Acolyte |
| 12:31 | Acolyte |
| 14:11 | Acolyte |
| 14:18 | Ziggurat |
| 14:44 | Orb of Corruption |
| 14:53 | Spirit Tower |
| 15:30 | Boots of Speed |
| 15:44 | Acolyte |
| 15:57 | Unholy Aura |
| 16:05 | Acolyte |
| 16:06 | Acolyte |
| 16:06 | Acolyte |
| 16:07 | Acolyte |
| 16:26 | Spiked Carapace |
| 17:17 | Frost Nova |
| 20:05 | Impale |
| 20:12 | Scroll of Regeneration |
| 20:14 | Staff of Sanctuary |
| Right click | 1176 |
| Select group | 850 |
| Assign group | 346 |
| Select | 259 |
| Chat | 186 |
| Resource trade | 97 |
| Build/train/purchase | 91 |
| Use ability | 67 |
| Misc. action | 51 |
| Item give/drop | 4 |
188 units @ 31.1k
/ 5.1k
72 buildings @ 12k
/ 5.2k
⇛
Richard
(20:09) : 
| Orb of Venom | 1 | 325 |
| Scroll of Town Portal | 2 | 700 |
| total: | 3 | 1025g |
| Wisp | 26 | 1560 | / | 0 |
| Archer | 15 | 1950 | / | 150 |
| Huntress | 11 | 2145 | / | 220 |
| Glaive Thrower | 2 | 420 | / | 130 |
| Chimaera | 14 | 4620 | / | 980 |
| total: | 68 | 10695g | / | 1480w |
| Ancient Protector | 1 | 135 | / | 80 |
| Altar of Elders | 1 | 180 | / | 50 |
| Ancient of War | 2 | 300 | / | 120 |
| Moon Well | 7 | 1260 | / | 280 |
| Hunter's Hall | 1 | 210 | / | 100 |
| Ancient of Wonders | 1 | 90 | / | 30 |
| Tree of Life | 1 | 340 | / | 185 |
| Chimaera Roost | 2 | 280 | / | 380 |
| Tree of Ages | 1 | 320 | / | 180 |
| Tree of Eternity | 1 | 330 | / | 200 |
| total: | 16 | 2795g | / | 1225w |
| 0:06 | Altar of Elders |
| 0:08 | Ancient of War |
| 0:14 | Moon Well |
| 0:21 | Wisp |
| 0:46 | Wisp |
| 1:01 | Wisp |
| 1:19 | Archer |
| 1:24 | Wisp |
| 1:34 | Archer |
| 1:56 | Wisp |
| 1:56 | Wisp |
| 1:57 | Archer |
| 2:19 | Trueshot Aura |
| 2:31 | Moon Well |
| 3:29 | Moon Well |
| 3:46 | Hunter's Hall |
| 4:14 | Archer |
| 4:14 | Archer |
| 4:14 | Archer |
| 4:25 | Moon Well |
| 4:43 | Wisp |
| 4:43 | Wisp |
| 4:43 | Wisp |
| 4:44 | Wisp |
| 4:44 | Wisp |
| 4:44 | Wisp |
| 4:44 | Wisp |
| 4:54 | Strength of the Moon |
| 4:57 | Huntress |
| 5:06 | Searing Arrows |
| 5:29 | Ancient of Wonders |
| 5:35 | Wisp |
| 5:36 | Wisp |
| 5:40 | Moon Armor |
| 5:50 | Huntress |
| 6:33 | Tree of Life |
| 6:41 | Huntress |
| 7:19 | Tree of Ages |
| 7:46 | Trueshot Aura |
| 8:11 | Moon Well |
| 8:31 | Huntress |
| 8:49 | Wisp |
| 8:50 | Wisp |
| 8:50 | Wisp |
| 8:51 | Wisp |
| 9:06 | Ultravision |
| 9:08 | Huntress |
| 9:15 | Moon Well |
| 9:31 | Ancient Protector |
| 9:46 | Wisp |
| 9:46 | Wisp |
| 9:54 | Moon Glaive |
| 9:56 | Improved Strength of the Moon |
| 10:09 | Tree of Eternity |
| 10:24 | Wisp |
| 10:24 | Wisp |
| 10:35 | Sentinel |
| 10:37 | Huntress |
| 10:38 | Huntress |
| 12:16 | Huntress |
| 12:16 | Huntress |
| 12:16 | Huntress |
| 13:32 | Chimaera Roost |
| 13:48 | Huntress |
| 14:09 | Strength of the Wild |
| 14:11 | Reinforced Hides |
| 14:12 | Advanced Strength of the Moon |
| 14:22 | Chimaera Roost |
| 14:27 | Wisp |
| 14:53 | Wisp |
| 14:53 | Wisp |
| 14:59 | Vorpal Blades |
| 15:01 | Corrosive Breath |
| 15:18 | Moon Well |
| 15:38 | Glaive Thrower |
| 15:45 | Ancient of War |
| 15:52 | Chimaera |
| 15:52 | Chimaera |
| 15:53 | Chimaera |
| 15:53 | Chimaera |
| 15:54 | Chimaera |
| 16:03 | Improved Strength of the Wild |
| 16:08 | Chimaera |
| 16:08 | Chimaera |
| 16:08 | Chimaera |
| 16:50 | Glaive Thrower |
| 17:08 | Orb of Venom |
| 17:12 | Scroll of Town Portal |
| 17:25 | Scroll of Town Portal |
| 17:32 | Improved Reinforced Hides |
| 18:50 | Archer |
| 18:50 | Archer |
| 18:50 | Archer |
| 18:51 | Marksmanship |
| 18:53 | Archer |
| 18:53 | Archer |
| 18:54 | Archer |
| 18:54 | Archer |
| 18:54 | Archer |
| 18:54 | Archer |
| 19:40 | Chimaera |
| 19:40 | Chimaera |
| 19:40 | Chimaera |
| 19:42 | Advanced Strength of the Wild |
| 19:45 | Chimaera |
| 19:45 | Chimaera |
| 19:45 | Chimaera |
| Right click | 586 |
| Select | 326 |
| Build/train/purchase | 102 |
| Resource trade | 39 |
| Select group | 26 |
| Minimap ping | 21 |
| Assign group | 13 |
| Use ability | 5 |
| Remove unit | 4 |
| Item give/drop | 1 |
| Esc | 1 |


| Rod of Necromancy | 3 | 450 |
| Potion of Healing | 1 | 150 |
| total: | 4 | 600g |
| Acolyte | 7 | 525 | / | 0 |
| Ghoul | 5 | 600 | / | 0 |
| Crypt Fiend | 11 | 2365 | / | 440 |
| Obsidian Statue | 4 | 800 | / | 140 |
| Frost Wyrm | 6 | 2310 | / | 720 |
| Meat Wagon | 2 | 460 | / | 100 |
| total: | 35 | 7060g | / | 1400w |
| Nerubian Tower | 2 | 200 | / | 40 |
| Spirit Tower | 2 | 290 | / | 80 |
| Altar of Darkness | 1 | 180 | / | 50 |
| Ziggurat | 9 | 1350 | / | 450 |
| Crypt | 1 | 200 | / | 50 |
| Tomb of Relics | 1 | 130 | / | 30 |
| Graveyard | 2 | 430 | / | 0 |
| Slaughterhouse | 1 | 140 | / | 135 |
| Sacrificial Pit | 1 | 75 | / | 150 |
| Boneyard | 2 | 350 | / | 400 |
| Halls of the Dead | 1 | 320 | / | 210 |
| Black Citadel | 1 | 325 | / | 230 |
| total: | 18 | 2855g | / | 1265w |
| 0:04 | Acolyte |
| 0:10 | Altar of Darkness |
| 0:12 | Ziggurat |
| 0:14 | Acolyte |
| 0:40 | Crypt |
| 1:00 | Tomb of Relics |
| 1:24 | Graveyard |
| 1:29 | Graveyard |
| 1:44 | Ghoul |
| 2:08 | Ghoul |
| 2:12 | Rod of Necromancy |
| 2:18 | Ghoul |
| 2:26 | Ziggurat |
| 2:31 | Death Coil |
| 2:47 | Ghoul |
| 3:22 | Crypt Fiend |
| 3:34 | Rod of Necromancy |
| 3:50 | Halls of the Dead |
| 4:21 | Crypt Fiend |
| 4:43 | Unholy Aura |
| 4:51 | Rod of Necromancy |
| 5:15 | Ziggurat |
| 5:16 | Nerubian Tower |
| 5:20 | Crypt Fiend |
| 6:20 | Slaughterhouse |
| 6:52 | Crypt Fiend |
| 7:15 | Ziggurat |
| 7:27 | Frost Nova |
| 7:40 | Crypt Fiend |
| 7:52 | Web |
| 8:00 | Death Coil |
| 8:11 | Acolyte |
| 8:11 | Acolyte |
| 8:11 | Acolyte |
| 8:11 | Acolyte |
| 9:09 | Frost Armor |
| 9:10 | Crypt Fiend |
| 9:26 | Black Citadel |
| 9:30 | Obsidian Statue |
| 9:30 | Obsidian Statue |
| 9:35 | Ziggurat |
| 9:38 | Nerubian Tower |
| 9:55 | Creature Attack |
| 9:55 | Creature Carapace |
| 10:18 | Sacrificial Pit |
| 10:28 | Ziggurat |
| 10:53 | Crypt Fiend |
| 10:53 | Crypt Fiend |
| 10:55 | Crypt Fiend |
| 11:09 | Improved Creature Attack |
| 11:23 | Spirit Tower |
| 11:51 | Boneyard |
| 12:14 | Ziggurat |
| 12:55 | Crypt Fiend |
| 12:55 | Crypt Fiend |
| 14:03 | Frost Wyrm |
| 14:03 | Freezing Breath |
| 14:11 | Obsidian Statue |
| 14:12 | Obsidian Statue |
| 14:15 | Potion of Healing |
| 14:28 | Frost Wyrm |
| 15:03 | Advanced Creature Attack |
| 15:10 | Spirit Tower |
| 15:12 | Ziggurat |
| 15:14 | Acolyte |
| 15:30 | Meat Wagon |
| 15:51 | Ghoul |
| 15:56 | Meat Wagon |
| 16:09 | Ziggurat |
| 16:52 | Frost Wyrm |
| 18:15 | Frost Wyrm |
| 18:18 | Boneyard |
| 18:45 | Frost Wyrm |
| 20:03 | Frost Wyrm |
| Select group | 2045 |
| Right click | 1412 |
| Select | 385 |
| Build/train/purchase | 88 |
| Misc. action | 81 |
| Assign group | 68 |
| Use ability | 31 |
| Chat | 10 |
| Minimap ping | 1 |


| Rod of Necromancy | 1 | 150 |
| Potion of Mana | 1 | 200 |
| total: | 2 | 350g |
| Acolyte | 9 | 675 | / | 0 |
| Ghoul | 5 | 600 | / | 0 |
| Frost Wyrm | 10 | 3850 | / | 1200 |
| Goblin Shredder | 2 | 750 | / | 200 |
| Huntress | 1 | 195 | / | 20 |
| Archer | 1 | 130 | / | 10 |
| total: | 28 | 6200g | / | 1430w |
| Ziggurat | 8 | 1200 | / | 400 |
| Crypt | 2 | 400 | / | 100 |
| Graveyard | 1 | 215 | / | 0 |
| Altar of Darkness | 1 | 180 | / | 50 |
| Tomb of Relics | 1 | 130 | / | 30 |
| Necropolis | 1 | 225 | / | 0 |
| Sacrificial Pit | 1 | 75 | / | 150 |
| Boneyard | 3 | 525 | / | 600 |
| Halls of the Dead | 1 | 320 | / | 210 |
| Black Citadel | 2 | 650 | / | 460 |
| total: | 18 | 2950g | / | 1330w |
| 0:09 | Acolyte |
| 0:09 | Acolyte |
| 0:16 | Ziggurat |
| 0:59 | Crypt |
| 1:00 | Crypt |
| 1:15 | Graveyard |
| 1:22 | Acolyte |
| 1:34 | Altar of Darkness |
| 2:05 | Ghoul |
| 2:07 | Ghoul |
| 2:19 | Ghoul |
| 2:31 | Ziggurat |
| 2:38 | Ghoul |
| 4:14 | Ghoul |
| 4:22 | Acolyte |
| 4:22 | Acolyte |
| 4:22 | Acolyte |
| 4:22 | Acolyte |
| 4:23 | Acolyte |
| 4:25 | Black Arrow |
| 4:29 | Ziggurat |
| 4:51 | Tomb of Relics |
| 5:53 | Silence |
| 5:58 | Goblin Shredder |
| 5:58 | Goblin Shredder |
| 6:28 | Halls of the Dead |
| 7:25 | Rod of Necromancy |
| 7:44 | Creature Attack |
| 7:44 | Creature Carapace |
| 8:12 | Black Arrow |
| 8:31 | Necropolis |
| 8:57 | Black Citadel |
| 8:59 | Sacrificial Pit |
| 9:01 | Ziggurat |
| 10:09 | Silence |
| 10:30 | Improved Creature Attack |
| 10:30 | Advanced Creature Attack |
| 10:31 | Improved Creature Carapace |
| 11:05 | Potion of Mana |
| 11:19 | Ziggurat |
| 11:22 | Ziggurat |
| 11:34 | Boneyard |
| 11:36 | Boneyard |
| 11:37 | Boneyard |
| 11:59 | Ziggurat |
| 12:54 | Frost Wyrm |
| 12:56 | Frost Wyrm |
| 12:57 | Frost Wyrm |
| 12:58 | Frost Wyrm |
| 13:47 | Freezing Breath |
| 13:50 | Frost Wyrm |
| 14:45 | Acolyte |
| 14:49 | Frost Wyrm |
| 14:50 | Death Coil |
| 15:05 | Frost Wyrm |
| 15:44 | Frost Wyrm |
| 15:48 | Ziggurat |
| 16:20 | Black Arrow |
| 17:01 | Unholy Aura |
| 17:51 | Advanced Creature Carapace |
| 18:23 | Huntress |
| 19:09 | Death Coil |
| 19:26 | Frost Wyrm |
| 19:27 | Frost Wyrm |
| 20:00 | Archer |
| Right click | 1257 |
| Select | 417 |
| Select group | 297 |
| Chat | 106 |
| Build/train/purchase | 62 |
| Assign group | 50 |
| Minimap ping | 14 |
| Use ability | 13 |
| Misc. action | 3 |
| Item give/drop | 3 |

| Wisp | 25 | 1500 | / | 0 |
| Archer | 10 | 1300 | / | 100 |
| Huntress | 17 | 3315 | / | 340 |
| Glaive Thrower | 5 | 1050 | / | 325 |
| total: | 57 | 7165g | / | 765w |
| Ancient Protector | 6 | 810 | / | 480 |
| Altar of Elders | 1 | 180 | / | 50 |
| Ancient of War | 4 | 600 | / | 240 |
| Moon Well | 7 | 1260 | / | 280 |
| Hunter's Hall | 1 | 210 | / | 100 |
| Tree of Life | 1 | 340 | / | 185 |
| Tree of Ages | 1 | 320 | / | 180 |
| Tree of Eternity | 1 | 330 | / | 200 |
| total: | 20 | 3400g | / | 1335w |
| 0:12 | Altar of Elders |
| 0:13 | Wisp |
| 0:30 | Wisp |
| 0:49 | Ancient of War |
| 0:54 | Moon Well |
| 0:55 | Wisp |
| 1:13 | Wisp |
| 1:26 | Wisp |
| 1:47 | Ancient of War |
| 1:52 | Wisp |
| 2:04 | Wisp |
| 2:12 | Archer |
| 2:26 | Moon Well |
| 2:28 | Wisp |
| 2:33 | Archer |
| 3:15 | Hunter's Hall |
| 3:22 | Trueshot Aura |
| 3:24 | Archer |
| 3:25 | Wisp |
| 3:45 | Archer |
| 3:51 | Moon Well |
| 3:54 | Archer |
| 4:10 | Archer |
| 4:31 | Ancient Protector |
| 4:53 | Strength of the Moon |
| 4:54 | Huntress |
| 5:03 | Huntress |
| 5:22 | Wisp |
| 5:38 | Wisp |
| 5:40 | Huntress |
| 5:46 | Searing Arrows |
| 6:00 | Moon Well |
| 6:12 | Wisp |
| 7:05 | Huntress |
| 7:12 | Trueshot Aura |
| 7:26 | Tree of Life |
| 7:31 | Huntress |
| 7:38 | Tree of Ages |
| 7:42 | Ancient Protector |
| 7:56 | Moon Armor |
| 8:05 | Archer |
| 8:29 | Huntress |
| 9:27 | Huntress |
| 9:32 | Archer |
| 9:33 | Wisp |
| 9:34 | Wisp |
| 9:45 | Ultravision |
| 9:52 | Wisp |
| 10:04 | Improved Strength of the Moon |
| 10:11 | Ancient Protector |
| 10:18 | Archer |
| 10:20 | Moon Glaive |
| 10:24 | Wisp |
| 10:32 | Wisp |
| 10:35 | Wisp |
| 10:44 | Huntress |
| 11:10 | Moon Well |
| 11:19 | Wisp |
| 11:21 | Wisp |
| 12:02 | Ancient Protector |
| 12:11 | Huntress |
| 12:12 | Huntress |
| 13:07 | Huntress |
| 13:08 | Huntress |
| 13:09 | Wisp |
| 13:11 | Improved Moon Armor |
| 13:25 | Moon Well |
| 13:30 | Ancient of War |
| 13:36 | Wisp |
| 13:54 | Huntress |
| 13:55 | Huntress |
| 14:06 | Ancient Protector |
| 14:08 | Wisp |
| 14:26 | Ancient Protector |
| 14:31 | Vorpal Blades |
| 14:34 | Huntress |
| 14:36 | Glaive Thrower |
| 14:57 | Tree of Eternity |
| 15:04 | Moon Well |
| 15:12 | Archer |
| 15:35 | Glaive Thrower |
| 15:43 | Glaive Thrower |
| 15:44 | Glaive Thrower |
| 16:01 | Ancient of War |
| 16:26 | Huntress |
| 16:33 | Huntress |
| 16:34 | Glaive Thrower |
| 17:01 | Wisp |
| 17:02 | Wisp |
| Right click | 397 |
| Select | 337 |
| Build/train/purchase | 81 |
| Misc. action | 24 |
| Use ability | 3 |
| Minimap ping | 1 |